 Dungeon Crawl Stone Soup version 0.28-a0-1560-g060a6a1bfc (webtiles) character file.

Game seed: 7348006539690437166

123 Riddle the Poker (level 5, -1/42 HPs)
             Began as a Merfolk Fighter on Jan 19, 2022.
             Succumbed to an orc wizard's poison
             ... on level 2 of the Dungeon.
             The game lasted 00:03:54 (2428 turns).

Riddle the Poker (Merfolk Fighter)                  Turns: 2428, Time: 00:03:54

Health: -1/42      AC:  8    Str: 17    XL:     5   Next: 7%
Magic:  5/5        EV: 10    Int:  7    God:
Gold:   45         SH:  5    Dex: 15    Spells: 4/4 levels left

rFire   . . .      SeeInvis .   a - +0 trident
rCold   . . .      Faith    .   c - +0 buckler
rNeg    . . .      Spirit   .   b - +0 scale mail
rPois   .          Reflect  .   f - +0 helmet
rElec   .          Harm     .   (no cloak)
rCorr   .          Rampage  .   i - +0 pair of gloves
Will    .....                   (no boots)
Stlth   ..........              (no amulet)
HPRegen 0.14/turn               (no ring)
MPRegen 0.09/turn               (no ring)

@: lethally poisoned (-1 -> -12)
A: (nimble swimmer 2), mertail
a: no special abilities


You were on level 2 of the Dungeon.
You visited 1 branch of the dungeon, and saw 2 of its levels.

You collected 45 gold pieces.

Inventory:

Hand Weapons
 a - a +0 trident (weapon)
Missiles
 h - 5 boomerangs (quivered)
 n - a silver boomerang
Armour
 b - a +0 scale mail (worn)
 c - a +0 buckler (worn)
 f - a +0 helmet (worn)
 i - a +0 pair of gloves (worn)
Scrolls
 g - 2 scrolls of teleportation {unknown}
 j - a scroll of brand weapon {unknown}
 k - a scroll of magic mapping {unknown}
 m - a scroll of enchant weapon {unknown}
Potions
 d - a potion of might
 e - a potion of berserk rage {unknown}
 l - 2 potions of curing {unknown}


   Skills:
 + Level 4.1 Fighting
 + Level 4.5 Polearms
 - Level 2.1 Armour
 + Level 2.8 Dodging
 + Level 3.7 Shields


You had 4 spell levels left.
You didn't know any spells.
Your spell library was empty.

Dungeon Overview and Level Annotations

Branches:
Dungeon (2/15)

Altars:

Annotations:
D:1 Terence


Innate Abilities, Weirdness & Mutations

((You are very nimble when in or above water. (Stealth+, EV+, Speed+++)))
Your lower body shifts to a powerful aquatic tail in water.


Message History

You are too injured to fight recklessly!
You are too injured to fight recklessly!
You are too injured to fight recklessly!
You are too injured to fight recklessly!
You are too injured to fight recklessly!
You are too injured to fight recklessly!
You are too injured to fight recklessly!
You are too injured to fight recklessly!
You are too injured to fight recklessly!
You are too injured to fight recklessly!
You are too injured to fight recklessly!
You are too injured to fight recklessly!
You are too injured to fight recklessly!
You are too injured to fight recklessly!
You are too injured to fight recklessly!
You feel sick.
You hit the orc wizard but do no damage.
The orc wizard is heavily wounded.
You feel sick. The orc wizard barely misses you.
You barely miss the orc wizard.
The orc wizard is heavily wounded.
You feel sick.
The orc wizard hits you but does no damage.
You barely miss the orc wizard.
The orc wizard is heavily wounded.
You feel sick.
You are no longer poisoned.
The orc wizard points at you and mumbles some strange words.
The puff of flame hits you!
* * * LOW HITPOINT WARNING * * *
You closely miss the orc wizard.
The orc wizard is heavily wounded.
The orc wizard hits you with a +2 dagger of venom.
* * * LOW HITPOINT WARNING * * *
You are lethally poisoned!
An orc comes into view. It is wielding a +0 hand axe.
Unknown command.
You hit the orc wizard but do no damage.
The orc wizard is heavily wounded.
You die...

#.#.# ## #.#.########### .#
#.#.##......))# .#
#.#.##...####<# .#
#.#.##.#.####)#
.###.#....#.>.##.################
........#####.##.................
..........#....#)################
.###.#g##.#.##.#@# # .#
#.#.##...##.#o## # .#
#.#.###.###.o..## # .# #.#.#
#.###.....## # .. ..#g#
#.##.......######## # .. ..#g#
#.##..............# # #)#
#.##.......######.# # #.#
#.##......## #.# # #.#
#.##......# #.# #


You could see an orc wizard and an orc.

Vanquished Creatures
  An orc wizard (D:2)
  Robin (D:2)
  An adder (D:2)
  9 orcs (D:2)
  5 ball pythons
  2 endoplasms
  A giant cockroach (D:2)
  12 goblins
  11 hobgoblins
  4 jackals (D:1)
  2 kobolds (D:1)
  2 quokkas (D:2)
  5 bats (D:1)
  2 rats
58 creatures vanquished.

Notes
Turn   | Place    | Note
-------+----------+-------------------------------------------
     0 | D:1      | Riddle the Merfolk Fighter began the quest for the Orb.
     0 | D:1      | Reached XP level 1. HP: 18/18 MP: 1/1
   120 | D:1      | Reached XP level 2. HP: 19/24 MP: 2/2
   122 | D:1      | Reached skill level 1 in Dodging
   645 | D:1      | Reached XP level 3. HP: 27/29 MP: 3/3
  1028 | D:2      | Noticed Terence
  1490 | D:2      | Noticed Robin
  1669 | D:2      | Killed Robin
  1670 | D:2      | Reached XP level 4. HP: 33/37 MP: 4/4
  2114 | D:2      | Reached XP level 5. HP: 16/42 MP: 5/5
  2427 | D:2      | HP: 1/42 [orc wizard (5)]
  2428 | D:2      | Succumbed to an orc wizard's poison

Illustrated notes

Levels and vault maps discovered:
D:1:      elethiomel_arrival_maze, layout_loops_ring, minmay_strange_pillars
D:2:      layout_loops_ring, minmay_misc_feat_four_crosses, st_stairs_5,
          uniq_robin, uniq_terence

Skill      XL: |  1  2  3  4 |
---------------+-------------+-----
Dodging        | 1 2 |  2.8
Polearms       | 4 |  4.5
Fighting       | 4 |  4.1
Armour         | |  2.1
Shields        | |  3.7

Action                   |  1- 3 |  4- 6 || total
-------------------------+-------+-------++-------
Melee: Trident           |   134 |    77 ||   211
Armor: Scale mail        |    54 |    38 ||    92
Dodge: Dodged            |    46 |    32 ||    78
Block: Buckler           |    27 |    10 ||    37

Table legend: (Time is in decaauts)
 A = Elapsed time spent in this place.
 B = Non-inter-level travel time spent in this place.
 C = Inter-level travel time spent in this place.
 D = Time resting spent in this place.
 E = Time spent auto-exploring this place.
 F = Levels seen in this place.
 G = Mean time per level.
                   A        B        C        D        E       F      G
               +--------+--------+--------+--------+--------+-----+--------+
         Total |   2463 |   2382 |     81 |    529 |   1229 |   2 | 1231.5 |
       Dungeon |   2463 |   2382 |     81 |    529 |   1229 |   2 | 1231.5 |
               +--------+--------+--------+--------+--------+-----+--------+

Top non-repeatable levels by time:
     D:1: 1430 daAuts
     D:2: 1032 daAuts
